 Dungeon Crawl Stone Soup version 0.20.1-1-g8b1a95d (webtiles) character file.

275 Melbolja the Grave Robber (level 6, -1/41 HPs)
             Began as a Mummy Necromancer on Oct 9, 2017.
             Slain by an orc wizard
             ... wielding a +0 dagger
              (3 damage)
             ... on level 4 of the Dungeon.
             The game lasted 00:26:50 (4168 turns).

Melbolja the Grave Robber (Mummy Necromancer)       Turns: 4168, Time: 00:26:50

Health: -1/41      AC:  8    Str: 14    XL:     6   Next: 3%
Magic:  2/13       EV:  9    Int: 14    God:
Gold:   128        SH:  0    Dex: 12    Spells: 7/15 levels left

rFire    x . .     SeeInvis .   e - +0 battleaxe "Nitem" {freeze, Stlth+}
rCold    + . .     Gourm    .   (shield currently unavailable)
rNeg     + + +     Faith    .   p - +2 scale mail {MR+}
rPois    ∞         Spirit   .   (no helmet)
rElec    .         Reflect  .   (no cloak)
rCorr    .         Harm     .   (no gloves)
MR       +....                  (no boots)
Stlth    ++........             (no amulet)
Regen    0.2/turn               l - ring of positive energy
MPRegen  0.2/turn               (no ring)

@: no status effects
A: no food or potions, fire vulnerability, cold resistance 1, negative energy
resistance 3, torment resistance, unbreathing
a: no special abilities


You were on level 4 of the Dungeon.
You were not hungry.

You visited 1 branch of the dungeon, and saw 4 of its levels.

You collected 128 gold pieces.

Inventory:

Hand Weapons
 d - a +0 spear
 e - the +0 battleaxe "Nitem" (weapon) {freeze, Stlth+}
   (You found it on level 4 of the Dungeon)

   It has been specially enchanted to freeze those struck by it, causing extra
   injury to most foes and up to half again as much damage against particularly
   susceptible opponents.
   It can also slow down cold-blooded creatures.
   It makes you more stealthy.
 o - a +1 dagger of speed
 q - a +0 hunting sling
Missiles
 c - 24 poisoned needles
 r - 78 stones (quivered)
Armour
 a - a +0 robe
 i - a +0 buckler
 p - a +2 scale mail of magic resistance (worn)
Jewellery
 l - a ring of positive energy (left hand)
Wands
 j - a wand of polymorph (3/24)
Scrolls
 f - 5 scrolls of teleportation
 h - a scroll of noise
 k - 3 scrolls of remove curse
 m - a scroll of fear
Books
 b - a book of Necromancy

   Spells                             Type                      Level
   a - Pain                           Necromancy                   1
   b - Animate Skeleton               Necromancy                   1
   c - Vampiric Draining              Necromancy                   3
   d - Regeneration                   Charms/Necromancy            3
   e - Animate Dead                   Necromancy                   4
   f - Control Undead                 Necromancy                   4


   Skills:
 - Level 0.2 Fighting
 * Level 0.5(0.6) Axes
 - Level 0.1(0.3) Polearms
 * Level 1.2 Armour
 - Level 1.7 Dodging
 * Level 2.1 Stealth
 - Level 0.2 Unarmed Combat
 + Level 5.1 Spellcasting
 + Level 5.4 Necromancy


You had 7 spell levels left.
You knew the following spells:

 Your Spells              Type           Power        Failure   Level  Hunger
a - Pain                  Necr           ###.         9%          1    N/A
b - Vampiric Draining     Necr           ###.......   24%         3    N/A
c - Animate Dead          Necr           N/A          63%         4    N/A

Dungeon Overview and Level Annotations

Branches:
Dungeon (4/15)
 Temple: D:4-7

Altars:
Elyvilon
The Shining One


Innate Abilities, Weirdness & Mutations

You do not eat or drink.
Your flesh is vulnerable to fire.
You are immune to poison.
Your flesh is cold resistant. (rC+)
You are immune to negative energy. (rN+++)
You are immune to unholy pain and torment.
You can survive without breathing.


Message History

A magic dart appears from out of thin air!
The magic dart hits you! Something hits you but does no damage.
You barely miss something. Something hits you but does no damage.
You miss something.
Something hits you but does no damage. x2
You barely miss something. Something hits you.
Something hits you but does no damage.
You barely miss something.
Something hits you but does no damage. x2
You barely miss something.
You hear some strange, mumbled words.
A puff of flame appears from out of thin air!
The puff of flame misses you.
You closely miss something. Something hits you.
You hear some strange, mumbled words.
A puff of flame appears from out of thin air!
The puff of flame hits you! The fire burns you terribly!
* * * LOW HITPOINT WARNING * * *
You can't drink.
You barely miss something. Something hits you but does no damage.
Something hits you.
You die...

#.# .. #.# #..# #
#.#######.##
#####...(.......
#...............
#.......@{).)...
#......######.##
#.......# #.....#.## ##
#...)[#..# #########.
#.....##.# #......##.
#.....# .## #.##......##.
#.....##..# #.##......##.
#.......#.###.##..(......


There were no monsters in sight!

Vanquished Creatures
  An orc priest (D:4)
  An iguana (D:4)
  An orc wizard (D:3)
  A worker ant (D:4)
  Terence (D:2)
  3 adders (D:3)
  2 oozes (D:1)
  A worm (D:3)
  An adder skeleton (D:4)
  A dart slug (D:3)
  4 leopard geckos
  12 orcs
  9 bats
  3 giant cockroaches
  9 goblins
  9 hobgoblins
  8 jackals (D:1)
  A ball python (D:2)
  5 frilled lizards
  11 kobolds
  6 rats
90 creatures vanquished.

Notes
Turn   | Place    | Note
-------+----------+-------------------------------------------
     0 | D:1      | Melbolja the Mummy Necromancer began the quest for the Orb.
     0 | D:1      | Reached XP level 1. HP: 13/13 MP: 4/4
   312 | D:1      | Reached XP level 2. HP: 19/19 MP: 1/5
   564 | D:1      | Reached XP level 3. HP: 22/24 MP: 1/7
  1295 | D:2      | Learned a level 3 spell: Vampiric Draining
  1342 | D:2      | Found a white marble altar of Elyvilon.
  1386 | D:2      | Noticed Terence
  1409 | D:2      | Killed Terence
  1409 | D:2      | Reached skill level 5 in Necromancy
  1409 | D:2      | Reached XP level 4. HP: 10/30 MP: 0/9
  2353 | D:3      | Learned a level 4 spell: Animate Dead
  2676 | D:3      | Found a glowing golden altar of the Shining One.
  2715 | D:3      | Reached XP level 5. HP: 11/35 MP: 0/12
  3328 | D:3      | Reached skill level 5 in Spellcasting
  3921 | D:4      | Got an encrusted battleaxe
  3927 | D:4      | Identified the +0 battleaxe "Nitem" {freeze, Stlth+} (You found it on level 4 of the Dungeon)
  3988 | D:4      | Reached skill level 1 in Armour
  4140 | D:4      | Reached XP level 6. HP: 41/41 MP: 4/13
  4167 | D:4      | HP: 2/41 [something/puff of flame (18)]
  4168 | D:4      | Slain by an orc wizard

Skill      XL: |  1  2  3  4  5 |
---------------+----------------+-----
Spellcasting   | 3 4 5 |  5.1
Necromancy     | 5 |  5.4
Armour         | 1 |  1.2
Stealth        | 2 |  2.1
Fighting       | |  0.2
Axes           | |  0.5
Polearms       | |  0.1
Dodging        | |  1.7
Unarmed Combat | |  0.2

Action                   |  1- 3 |  4- 6 || total
-------------------------+-------+-------++-------
Melee: Unarmed           |    10 |       ||    10
       Spear             |    44 |     4 ||    48
       Battleaxe         |       |    32 ||    32
 Cast: Pain              |    60 |   108 ||   168
       Animate Dead      |       |     3 ||     3
  Use: Scroll            |       |     9 ||     9
Armor: Robe              |    12 |       ||    12
       Scale mail        |       |    23 ||    23
Dodge: Dodged            |    39 |    25 ||    64
Block: Buckler           |     1 |     4 ||     5
